 Dungeon Crawl Stone Soup version 0.26-a0-53-g45f243fec8 (webtiles) character file.

Game seed: 17205821959292779314

27337 FabianWz the Fighter (level 13, 0/124 HPs)
             Began as a Minotaur Fighter on June 7, 2020.
             Was a Priest of Ru.
             Slain by a seven-headed hydra (2 damage)
             ... on level 6 of the Lair of Beasts.
             The game lasted 02:01:54 (15909 turns).

FabianWz the Fighter (Minotaur Fighter)            Turns: 15909, Time: 02:01:54

Health: 0/124      AC: 15    Str: 26    XL:     13   Next: 3%
Magic:  12/12      EV:  7    Int:  7    God:    Ru [***...]
Gold:   561        SH: 13    Dex: 10    Spells: 12/12 levels left

rFire    . . .     SeeInvis .   b - +3 mace (vorpal)
rCold    . . .     Gourm    .   c - +1 kite shield
rNeg     . . .     Faith    .   G - +0 chain mail
rPois    .         Spirit   .   d - +0 hat
rElec    .         Reflect  .   u - +1 cloak
rCorr    .         Harm     .   (no gloves)
MR       .....                  J - +0 pair of boots
Stlth    ..........             (no amulet)
HPRegen  0.70/turn              (no ring)
MPRegen  0.13/turn              (no ring)

@: no status effects
A: retaliatory headbutt, horns 2, clever 1, regeneration 1, hated by all,
unskilled 1
a: Draw Out Power, Renounce Religion


You were on level 6 of the Lair of Beasts.
You worshipped Ru.
Ru was most pleased with you.
You were not hungry.

You visited 2 branches of the dungeon, and saw 14 of its levels.
You also visited: Ossuary.

You collected 759 gold pieces.
You spent 198 gold pieces at shops.

Inventory:

Hand Weapons
 a - a +0 flail
 b - a +3 vorpal mace (weapon)
 j - a +0 whip
 m - a +1 hand axe of flaming
 n - a +0 hunting sling
 L - the cursed +1 hand axe of Fortitude {drain, rElec Dex+2, unknown}
   (You found it on level 1 of the Lair of Beasts)

   A truly terrible weapon, it drains the life of those it strikes.
   It affects your dexterity (+2).
   It insulates you from electricity.
   It has a curse placed upon it.
Missiles
 k - 226 stones (quivered)
 H - 8 silver javelins
Armour
 c - a +1 kite shield (worn)
 d - a +0 hat (worn)
 u - a +1 cloak (worn)
 F - a +0 centaur barding
 G - a +0 chain mail (worn)
 J - a +0 pair of boots (worn)
 Q - a +0 hat
 T - a +2 buckler
Jewellery
 i - an uncursed ring of stealth {unknown}
 s - a +6 ring of dexterity {unknown}
 t - an uncursed ring of ice {unknown}
 w - a cursed ring of attention {unknown}
 y - an uncursed ring of see invisible {unknown}
 z - an uncursed amulet of magic regeneration {unknown}
 A - a +6 ring of strength {unknown}
 I - an uncursed amulet of guardian spirit {unknown}
Wands
 o - a wand of acid (6)
 K - a wand of random effects (10)
 O - a wand of paralysis (8)
Scrolls
 e - a scroll of fear {unknown}
 f - 2 scrolls of immolation
 p - 5 scrolls of amnesia
 q - 3 scrolls of teleportation
 v - 4 scrolls of remove curse
 x - 2 scrolls of blinking {unknown}
 B - a scroll of enchant weapon
 E - a scroll of fog
 M - 2 scrolls of acquirement {unknown}
 P - 2 scrolls of magic mapping
 S - a scroll of identify
Potions
 g - 8 potions of curing
 l - a potion of brilliance
 r - 3 potions of flight
 C - 2 potions of stabbing
 D - a potion of cancellation
 N - a potion of mutation
 R - 2 potions of degeneration {unknown}
 U - a potion of invisibility
Comestibles
 h - 10 rations


   Skills:
 * Level 14.0 Fighting
 * Level 13.7 Maces & Flails
 + Level 10.4 Armour
 + Level 10.5 Shields


You had 12 spell levels left.
You didn't know any spells.
Your spell library contained the following spells:

 Spells                   Type           Power        Failure   Level  Hunger
 Beastly Appendage        Tmut           #.....       98%         1    ##.....
 Sandblast                Erth           #.....       98%         1    ##.....
 Sting                    Tmut/Pois      #...         98%         1    ##.....
 Passwall                 Tmut/Erth      #.......     99%         2    ###....
 Poisonous Vapours        Pois/Air       #.....       99%         2    ###....
 Ignite Poison            Fire/Tmut/Pois #.......     100%        3    ####...
 Mephitic Cloud           Conj/Pois/Air  #.......     100%        3    ####...
 Spider Form              Tmut/Pois      #.........   100%        3    ####...
 Stone Arrow              Conj/Erth      #.....       100%        3    ####...
 Ice Form                 Ice/Tmut       #.......     100%        4    #####..
 Olgreb's Toxic Radiance  Pois           #.......     100%        4    #####..
 Petrify                  Tmut/Erth      #.......     100%        4    #####..
 Blade Hands              Tmut           #.........   100%        5    ######.
 Lee's Rapid Deconstruct  Erth           #.........   100%        5    ######.
 Sticks to Snakes         Tmut           Unusable     N/A         2    N/A

Dungeon Overview and Level Annotations

Branches:
Dungeon (8/15)             Temple (0/1) D:5            Lair (6/6) D:8
  Swamp (0/4) Lair:4       Spider (0/4) Lair:4        Slime (0/5) Lair:5
Ossuary (visited)

Altars:
Elyvilon
Kikubaaqudgha
Nemelex Xobeh
Ru
Wu Jian
The Shining One

Shops:
D:5 ?

Annotations:
D:7 exclusion: hungry ghost
Lair:1 3 runed translucent doors, LSt's ghost, journeyman FoAK
Lair:5 exclusion: 6 oklob plants


Innate Abilities, Weirdness & Mutations

You reflexively headbutt those who attack you in melee.
You have a pair of horns on your head.
You are hated by all.
You are somewhat unskilled. (-1 Apt)
Your mind is acute. (Int +2)
Your natural rate of healing is unusually fast.


Message History

* * * LOW HITPOINT WARNING * * *
The four-headed hydra bites you.
* * * LOW HITPOINT WARNING * * *
The four-headed hydra bites you but does no damage. x3
There is a stone staircase leading up, spattered with blood here.
The crocodile barely misses you. The four-headed hydra bites you.
* * * LOW HITPOINT WARNING * * *
You block the four-headed hydra's attack.
The four-headed hydra bites you but does no damage.
The four-headed hydra bites you.
* * * LOW HITPOINT WARNING * * *
You block the seven-headed hydra's attack.
The seven-headed hydra bites you.
* * * LOW HITPOINT WARNING * * *
You block the seven-headed hydra's attack.
The seven-headed hydra closely misses you.
The seven-headed hydra bites you.
* * * LOW HITPOINT WARNING * * *
The seven-headed hydra bites you.
You die...

#P.........##...###
####..........#.#P..#.
.##...#.........P.PP...#
........................
#P..P................$..
#PPP..........######....
######........# ##...
#PD.t.....# ##..
#..@......# ..
#..†D.....# #.
##........# . #........#
. #..........#
#...........#
P..............
................
P.#######.##.##


You could see a seven-headed hydra, a four-headed hydra and a crocodile (blind).

Vanquished Creatures
  Gastronok (Lair:2)
  A dire elephant (Lair:5)
  3 hydras
  11 death yaks
  An orb spider (Lair:4)
  11 elephants (Lair:5)
  7 spiny frogs
  A rime drake (Lair:3)
  5 komodo dragons
  2 polar bears
  5 hippogriffs
  A wyvern (Lair:3)
  15 yaks
  A basilisk (Lair:4)
  A hungry ghost (D:7)
  8 water moccasins
  6 porcupines
  2 phantoms
  A sky beast (D:7)
  3 ice beasts
  2 ogres (D:5)
  3 centaurs
  6 crocodiles
  A big kobold (D:8)
  9 bullfrogs
  5 scorpions
  4 wights (D:7)
  A howler monkey (D:4)
  4 crimson imps
  2 orc priests (D:6)
  A hound (D:4)
  An orc wizard (D:6)
  A bullfrog skeleton (D:5)
  Jessica (D:2)
  An iguana (D:7)
  4 hell rats (Lair:1)
  A worker ant (D:7)
  A killer bee zombie (D:7)
  2 big kobold zombies (Ossuary)
  2 mummies (Ossuary)
  3 worker ant zombies
  2 howler monkey skeletons
  5 river rats
  13 adders
  A shadow imp (D:8)
  An ooze (D:7)
  3 adder zombies (Ossuary)
  An adder skeleton (D:4)
  2 worms
  4 dart slugs
  4 leopard geckos
  14 orcs
  3 ball pythons
  6 giant cockroaches
  11 goblins
  6 hobgoblins
  16 jackals
  7 quokkas
  2 bats (D:3)
  4 frilled lizards
  6 hobgoblin zombies (Ossuary)
  17 kobolds
  6 kobold zombies (Ossuary)
  A leopard gecko skeleton (D:5)
  13 orc zombies (Ossuary)
  18 rats
307 creatures vanquished.

Vanquished Creatures (others)
  A hydra (Lair:3)
  A river rat (Lair:1)
  An orc (D:6)
  3 fungi
  A plant (Lair:5)
7 creatures vanquished.

Grand Total: 314 creatures vanquished

Notes
Turn   | Place    | Note
-------+----------+-------------------------------------------
     0 | D:1      | FabianWz the Minotaur Fighter began the quest for the Orb.
     0 | D:1      | Reached XP level 1. HP: 19/19 MP: 0/0
   251 | D:1      | Reached skill level 4 in Fighting
   255 | D:1      | Reached XP level 2. HP: 26/27 MP: 1/1
   534 | D:1      | Reached XP level 3. HP: 33/34 MP: 2/2
  1548 | D:2      | Reached XP level 4. HP: 39/41 MP: 3/3
  1702 | D:2      | Noticed Jessica
  1714 | D:2      | Killed Jessica
  1831 | D:2      | Reached skill level 5 in Fighting
  2487 | D:3      | Reached XP level 5. HP: 45/48 MP: 4/4
  2951 | D:3      | Found a sacrificial altar of Ru.
  3008 | D:3      | Became a worshipper of Ru the Awakened
  3486 | D:4      | Found a sand-covered staircase.
  3502 | Ossuary  | Entered an ossuary
  3688 | Ossuary  | Reached XP level 6. HP: 28/56 MP: 5/5
  3944 | D:4      | Reached skill level 5 in Maces & Flails
  3944 | D:4      | Reached skill level 5 in Shields
  4035 | D:4      | Reached skill level 6 in Fighting
  4473 | D:4      | Reached skill level 5 in Armour
  4601 | D:5      | Entered Level 5 of the Dungeon
  4601 | D:5      | Noticed an ice beast
  4626 | D:4      | Gained mutation: You are somewhat unskilled. (-1 Apt) [Ru
                  | sacrifice]
  4626 | D:4      | Reduced skill Fighting to level 5
  4626 | D:4      | Reached * piety under Ru
  4659 | D:4      | Killed an ice beast
  4659 | D:4      | Reached skill level 5 in Maces & Flails
  4659 | D:4      | Reached XP level 7. HP: 38/62 MP: 6/6
  4788 | D:5      | Reached skill level 6 in Fighting
  4795 | D:5      | Found Tuwkow's Magic Scroll Boutique.
  4798 | D:5      | Bought a scroll of identify for 24 gold pieces
  4798 | D:5      | Bought a scroll of identify for 24 gold pieces
  4798 | D:5      | Bought a scroll of identify for 24 gold pieces
  4798 | D:5      | Bought a scroll of remove curse for 36 gold pieces
  4798 | D:5      | Bought a scroll of enchant armour for 90 gold pieces
  4848 | D:5      | Found an ancient bone altar of Kikubaaqudgha.
  4940 | D:5      | Reached skill level 5 in Shields
  5136 | D:5      | Gained mutation: Your mind is acute. (Int +2) [potion of
                  | mutation]
  5136 | D:5      | Gained mutation: Your natural rate of healing is unusually
                  | fast. [potion of mutation]
  5211 | D:5      | Reached skill level 5 in Armour
  5568 | D:5      | Found a glowing golden altar of the Shining One.
  5694 | D:5      | Found a staircase to the Ecumenical Temple.
  5779 | D:5      | Reached XP level 8. HP: 57/71 MP: 7/7
  5794 | D:5      | Reached skill level 7 in Fighting
  6114 | D:6      | Found a sparkling altar of Nemelex Xobeh.
  6364 | D:7      | Found a white marble altar of Elyvilon.
  6648 | D:7      | Reached skill level 8 in Fighting
  7005 | D:7      | Reached XP level 9. HP: 81/81 MP: 8/8
  7968 | D:8      | Found an ornate altar of the Wu Jian Council.
  7976 | D:8      | Reached skill level 9 in Fighting
  8110 | D:8      | Found a staircase to the Lair.
  8128 | Lair:1   | Entered Level 1 of the Lair of Beasts
  8128 | Lair:1   | Noticed a komodo dragon
  8133 | Lair:1   | Noticed a spiny frog
  8461 | Lair:1   | Found a runed translucent gate.
  8461 | Lair:1   | Found a runed translucent gate.
  8461 | Lair:1   | Found a runed translucent gate.
  8462 | Lair:1   | Noticed a spectral death yak
  8462 | Lair:1   | Noticed a spectral seven-headed hydra
  8462 | Lair:1   | Noticed a spectral seven-headed hydra
  8462 | Lair:1   | Noticed LSt's ghost (journeyman FoAK)
  9005 | Lair:1   | Killed a komodo dragon
  9005 | Lair:1   | Reached XP level 10. HP: 74/93 MP: 9/9
  9190 | Lair:1   | Got an ichor-stained hand axe
  9409 | Lair:1   | Reached skill level 10 in Fighting
  9634 | Lair:1   | Killed a spiny frog
  9804 | Lair:2   | Reached skill level 10 in Maces & Flails
  9915 | Lair:2   | Noticed Gastronok
  9961 | Lair:2   | Noticed a spiny frog
  9970 | Lair:2   | Killed a spiny frog
 10006 | Lair:2   | Noticed a spiny frog
 10016 | Lair:2   | Killed a spiny frog
 10173 | Lair:2   | Killed Gastronok
 10173 | Lair:2   | Reached skill level 11 in Fighting
 10173 | Lair:2   | Reached XP level 11. HP: 46/102 MP: 10/10
 11011 | Lair:3   | Noticed a seven-headed hydra
 11027 | Lair:3   | Killed a seven-headed hydra
 11578 | Lair:3   | Noticed a seven-headed hydra
 11587 | Lair:3   | Killed a seven-headed hydra
 11883 | Lair:4   | Noticed a seven-headed hydra
 11894 | Lair:4   | Killed a seven-headed hydra
 11894 | Lair:4   | Reached skill level 12 in Fighting
 12006 | Lair:4   | Found a staircase to the Swamp.
 12188 | Lair:4   | Gained mutation: You are hated by all. [Ru sacrifice]
 12188 | Lair:4   | Reached ** piety under Ru
 12188 | Lair:4   | Reached *** piety under Ru
 12458 | Lair:4   | Noticed an orb spider
 12467 | Lair:4   | Found a hole to the Spider Nest.
 12509 | Lair:4   | Killed an orb spider
 12954 | Lair:5   | Noticed an oklob plant
 13168 | Lair:5   | Noticed a death yak
 13168 | Lair:5   | Noticed a death yak
 13178 | Lair:5   | Noticed a death yak
 13198 | Lair:5   | Noticed a death yak
 13200 | Lair:5   | Killed a death yak
 13201 | Lair:5   | Noticed a death yak
 13211 | Lair:5   | Killed a death yak
 13393 | Lair:4   | Killed a death yak
 13393 | Lair:4   | Reached XP level 12. HP: 84/113 MP: 11/11
 13401 | Lair:4   | Killed a death yak
 13509 | Lair:5   | Killed a death yak
 13637 | Lair:5   | Reached skill level 13 in Fighting
 13743 | Lair:5   | Noticed a dire elephant
 13841 | Lair:5   | Found a staircase to the Slime Pits.
 13853 | Lair:5   | Killed a dire elephant
 14102 | Lair:5   | Reached skill level 10 in Shields
 14306 | Lair:5   | Reached skill level 10 in Armour
 14559 | Lair:5   | Noticed a death yak
 14559 | Lair:5   | Noticed a death yak
 14559 | Lair:5   | Noticed a death yak
 14560 | Lair:5   | Noticed a death yak
 14560 | Lair:5   | Noticed a death yak
 14560 | Lair:5   | Noticed a death yak
 14605 | Lair:4   | Killed a death yak
 14671 | Lair:4   | Killed a death yak
 14897 | Lair:4   | Killed a death yak
 14903 | Lair:4   | Killed a death yak
 15643 | Lair:5   | Killed a death yak
 15652 | Lair:5   | Killed a death yak
 15757 | Lair:6   | Entered Level 6 of the Lair of Beasts
 15797 | Lair:4   | Reached skill level 14 in Fighting
 15828 | Lair:6   | Reached XP level 13. HP: 117/124 MP: 12/12
 15909 | Lair:6   | HP: 3/124 [seven-headed hydra (5)]
 15909 | Lair:6   | Slain by a seven-headed hydra

Illustrated notes

Levels and vault maps discovered:
D:1:      dpeg_arrival_round_c, layout_basic
D:2:      layout_basic, uniq_jessica
D:3:      layout_basic, lemuel_round_altar, grunt_ministairs_10
D:4:      minmay_angry_zag, layout_rooms, chequers_ossuary_entry_cave
D:5:      layout_basic, lemuel_round_altar, kennysheep_little_box, temple_hall,
          serial_shops, kennysheep_mini_moat, first_ration
D:6:      layout_basic, nemelex_altar_shiori, serial_shops, shop
D:7:      layout_layer_cave, elyvilon_altar_5
D:8:      layout_basic, cheibrodos_worm_habitat, lemuel_round_altar,
          lair_entry_dummy, the_bakery, uniq_psyche
Lair:1:   layout_hall_layers, gauntlet_entry_generic,
          gammafunk_ghost_necromancy, nicolae_volcano_entry_hallway,
          kennysheep_abandoned_house
Lair:2:   layout_cave_pods, uniq_gastronok
Lair:3:   layout_gridlike
Lair:4:   layout_loops_ring, swamp_mist, nicolae_spider_entry_orb_guardian,
          grunt_megastairs_2
Lair:5:   beast_lair_carwin_large_3, layout_cave_pods,
          minmay_slime_entry_oklob_open, lemuel_old_faithful,
          minmay_lair_oklob_chamber
Lair:6:   hangedman_lair_tendril_chambers, layout_small_grid,
          minmay_shattered_shrine

Skill      XL: |  1  2  3  4  5  6  7  8  9 10 11 12 |
---------------+-------------------------------------+-----
Fighting       | 4 5 5 6 8 9 11 12 14 | 14.0
Shields        | 4 4 5 6 7 8 9 10 | 10.5
Maces & Flails | 3 4 5 6 7 9 10 12 13 | 13.7
Armour         | 4 4 5 6 7 8 9 10 | 10.4

Action                   |  1- 3 |  4- 6 |  7- 9 | 10-12 | 13-15 || total
-------------------------+-------+-------+-------+-------+-------++-------
Melee: Flail             |    82 |   252 |   111 |       |       ||   445
       Headbutt          |    12 |    44 |    81 |   193 |     3 ||   333
       Mace              |       |       |   280 |   628 |     6 ||   914
Invok: Sacrifice Skill   |       |     1 |       |       |       ||     1
       Reject Sacrifices |       |       |     1 |       |       ||     1
       Draw Out Power    |       |       |       |     1 |       ||     1
       Sacrifice Love    |       |       |       |     1 |       ||     1
  Use: Scroll            |       |     6 |    11 |    10 |       ||    27
       Potion            |       |     1 |     4 |     8 |       ||    13
 Stab: Distracted        |       |       |     2 |       |       ||     2
       Petrified         |       |       |       |     1 |       ||     1
       Invisible         |       |       |       |     2 |       ||     2
  Eat: Ration            |     1 |     3 |     5 |     5 |       ||    14
       Chunk             |       |     1 |     2 |     6 |       ||     9
Armor: Scale mail        |    19 |    93 |    10 |       |       ||   122
       Chain mail        |       |       |   160 |   227 |    21 ||   408
Dodge: Dodged            |    23 |    55 |    88 |   110 |    13 ||   289
Block: Kite shield       |    37 |   116 |   232 |   330 |    15 ||   730

Table legend:
 A = Non-vault XP
 B = Vault XP
 C = Vault XP percentage of total XP
 D = Non-vault monster count
 E = Vault monster count
 F = Vault count percentage of total count
                 A         B        C        D         E       F
            +---------+---------+-------+---------+---------+-------
      Total |   28079 |   10975 |  28.1 |     234 |      75 |  24.3
            +---------+---------+-------+---------+---------+-------
        D:1 |      43 |       0 |   0.0 |      25 |       0 |   0.0
        D:2 |     107 |      37 |  25.7 |      26 |       1 |   3.7
        D:3 |      56 |       3 |   5.1 |      21 |       2 |   8.7
        D:4 |     415 |      55 |  11.7 |      16 |       2 |  11.1
        D:5 |     760 |       0 |   0.0 |      23 |       0 |   0.0
        D:6 |     650 |       0 |   0.0 |      16 |       0 |   0.0
        D:7 |    1411 |       0 |   0.0 |      26 |       0 |   0.0
        D:8 |    1221 |      13 |   1.1 |      15 |       1 |   6.2
     Lair:1 |    1379 |     609 |  30.6 |       8 |      18 |  69.2
     Lair:2 |    2814 |    2151 |  43.3 |      12 |       1 |   7.7
     Lair:3 |    3556 |       0 |   0.0 |      10 |       0 |   0.0
     Lair:4 |    7787 |    1792 |  18.7 |      17 |       5 |  22.7
     Lair:5 |    7582 |    6185 |  44.9 |      17 |      13 |  43.3
     Lair:6 |     298 |       0 |   0.0 |       2 |       0 |   0.0
    Ossuary |       0 |     130 | 100.0 |       0 |      32 | 100.0
            +---------+---------+-------+---------+---------+-------
